← All builds
Tech / Armada / Economy first / OBSERVED BUILD

Standard tech

Armada Tech (Eco) build order · Supreme Isthmus

Rushes T2 factory and Advanced Metal Extractor while sending the first T2 constructor to Geo, scaling team eco and mex upgrades through the full 15 minutes.

Usually first T2 con to Geo (85%)

#eco #t2 #team support · 915 distinct matches · 122 players · 60% of Armada Tech games · team won 53% of 1052 · Recently observed

HOW TO PLAY IT

Key timing: T2 factory by 4:15

  1. Open mex and wind, start bot lab right away.
  2. Get bot lab up and begin feeding early cons.
  3. Start advanced bot lab to rush T2 factory.
  4. Finish T2 factory and push advanced metal extractor by 5:29.
  5. Build Citadel, Platypus and Umbrella as anti-nuke defence transition.

Phase by phase

TYPICAL OF ITS 915 GAMES
  1. 1
  2. 2
  3. 3
  4. 4
PLAY THE OPENING

Follow the example game's first 6:00 step by step: what to build now, what comes next, and where it goes. At 1× it keeps pace with your own game.

  1. 1

    Up to the Bot Lab

    Economy
    • Metal Extractor3Mex
    • Wind Turbine4Wind
    Order
    1. Bot LabBot Lab after 3 mex, 4 winddone ~1:17, middle half 1:13–1:31

    By 1:01 in all: 3 mex · 4 wind

    The example game in this phase · 3 steps
    1. Mex ×3
    2. Wind ×4
    3. Bot LabBot Labdone 1:15 · typical 1:17
  2. 2

    Bot Lab to Advanced Bot Lab

    Economy
    • Metal Extractor1Mex
    • Wind Turbine8Wind
    • Energy Storage1Energy storage
    Order
    1. Advanced Bot LabAdvanced Bot Lab after 4 mex, 12 wind, 3 con turretdone ~4:15, middle half 4:04–4:28
    Builders
    • Construction Turret3 Con turret
    • Lazarus3 Lazarus
    • Construction Bot2 Con bot
    • Construction Bot1 Con bot for allies

    Some games also: converter (36%)

    By 3:19 in all: 4 mex · 12 wind · 1 energy storage · 3 con turret

    The example game in this phase · 13 steps
    1. Wind
    2. Construction BotCon bot
    3. Wind ×2
    4. LazarusLazarus
    5. Wind ×3
    6. Mex
    7. Energy storage
    8. Construction BotCon bot
    9. Wind ×5
    10. Con turret
    11. Wind ×2
    12. Con turret
    13. Advanced Bot LabAdvanced Bot Labdone 4:15 · typical 4:15
  3. 3

    Advanced Bot Lab to 5:00

    Economy
    • Wind Turbine2Wind
    Order
    1. Bot LabEat Bot Lab
    Builders
    • Advanced Construction Bot1 T2 con bot for allies

    Some games also: converter (35%)

    By 5:00 in all: 4 mex · 15 wind · 2 converter · 1 energy storage · 3 con turret

    The example game in this phase · 6 steps
    1. Bot LabEat Bot Labreclaimed for its metal
    2. Advanced Construction BotT2 con botfor Geo
    3. Wind
    4. Advanced Metal ExtractorT2 mexdone 5:46 · typical 5:29
    5. FatboyFatboyfor Ponddone 5:52
    6. Wind
  4. 4

    5:00 to 10:00

    Economy
    • Wind Turbine44Wind
    • Energy Converter6Converter
    Builders
    • Butler8 Butler
    • Advanced Construction Bot4 T2 con bot for allies
    • Advanced Construction Bot1 T2 con bot

    Some games also: con turret (50%) · Butler for allies (37%)

    By 10:00 in all: 4 mex · 59 wind · 8 converter · 1 energy storage · 3 con turret

    The example game in this phase · 204 steps
    1. Wind ×7
    2. Advanced Construction BotT2 con botfor Air
    3. Advanced Metal ExtractorT2 mex
    4. Con turret
    5. Advanced Metal ExtractorT2 mex
    6. Advanced Construction BotT2 con botfor Pond
    7. Wind ×4
    8. ButlerButler
    9. Wind ×2
    10. Advanced Metal ExtractorT2 mex
    11. ButlerButler
    12. Wind
    13. Advanced Construction BotT2 con botfor Geo sea
    14. Wind ×4
    15. ButlerButler
    16. Wind ×4
    17. ButlerButler
    18. Wind ×4
    19. Advanced Construction BotT2 con botfor Beach sea
    20. Wind ×10
    21. ButlerButlerfor Geo sea
    22. Wind ×7
    23. ButlerButlerfor Geo sea
    24. Wind ×6
    25. Advanced Construction BotT2 con bot
    26. Wind ×3
    27. Converter
    28. Wind ×2
    29. Converter
    30. Wind
    31. Converter
    32. Wind
    33. Converter
    34. ButlerButler
    35. Wind ×2
    36. Converter ×2
    37. Wind ×2
    38. ButlerButler
    39. Wind
    40. Converter
    41. Wind
    42. Converter
    43. Advanced Construction BotT2 con bot
    44. Wind ×2
    45. Converter
    46. Wind
    47. Converter
    48. Wind ×3
    49. Converter
    50. Wind
    51. Converter
    52. ButlerButler
    53. Wind
    54. Converter
    55. Fusion ReactorFusiondone 12:38
    56. Converter
    57. Wind ×2
    58. ButlerButler
    59. Wind ×2
    60. CitadelAnti-nukenot finished by 15:00
    61. ShipyardShipyarddone 11:11
    62. Converter
    63. ButlerButler
    64. Wind ×5
    65. ButlerButler
    66. Advanced Metal ExtractorT2 mex
    67. Wind ×2
    68. Converter
    69. Wind
    70. Converter
    71. Wind ×8
    72. Converter
    73. Wind
    74. Construction ShipCon ship
    75. Wind
    76. Naval Construction Turret
    77. Wind ×5
    78. Advanced Metal ExtractorT2 mex
    79. Wind ×3
    80. Converter
    81. Wind ×4
    82. Construction ShipCon ship
    83. Wind ×5
    84. Converter
    85. Naval Construction Turret
    86. Wind ×3
    87. Con turret
    88. Wind ×4
    89. Advanced Bot LabEat Advanced Bot Labreclaimed for its metal
    90. Naval Construction Turret
    91. EelSubmarinedone 12:20
    92. Wind ×2
    93. Converter
    94. Wind
    95. Con turret
    96. Naval Radar / Sonar TowerNaval Radar / Sonar Tower
    97. Wind
    98. Radar TowerRadar Tower
    99. Wind ×2
    100. Con turret
    101. Wind
    102. EelSubmarine
    103. Wind ×2
    104. HarpoonHarpoon
    105. Con turret
    106. Wind
    107. Converter
    108. Wind
    109. EelSubmarine
    110. Wind ×2
    111. Converter
    112. Wind
    113. Fusion ReactorFusion
    114. Wind
    115. Tidal
    116. Wind
    117. CorsairDestroyerdone 13:23
    118. Wind
    119. Converter
    120. Wind
    121. Radar TowerRadar Tower
    122. Wind
    123. HarpoonHarpoon
    124. Wind ×7
    125. Converter
    126. Naval Energy Converter
    127. Converter
    128. Wind ×2
    129. Naval NettleNaval Nettle
    130. Wind
    131. SentrySentry
    132. Wind
    133. Advanced Radar TowerAdvanced Radar Tower
    134. Wind ×2
    135. Converter
    136. Wind
    137. Naval NettleNaval Nettle
    138. Wind ×2
    139. T2 converter
    140. Converter
    141. Wind
    142. EllysawFrigate
    143. Tidal
    144. Naval Energy Converter
    145. Converter
    146. Wind ×4
    147. Tidal
    148. Wind
    149. Converter
    150. Wind ×2
    151. EllysawFrigate
    152. Tidal
    153. Converter
    154. Wind ×3
    155. Converter
    156. Wind ×2
    157. SentrySentry
    158. Wind
    159. Tidal
    160. Grim ReaperGrim Reaper
    161. T2 converter
    162. Wind
    163. Converter
    164. Wind
    165. Tidal
    166. Pit BullPit Bull
    167. Wind ×2
    168. Converter
    169. Wind ×2
    170. DolphinDolphin
    171. Tidal
    172. Converter
    173. Wind ×2
    174. SkaterSkater
    175. Wind
    176. Tidal
    177. Wind ×2
    178. EelSubmarine
    179. Tidal
    180. Wind
    181. Naval Radar / Sonar TowerNaval Radar / Sonar Tower
    182. Converter
    183. Wind ×3
    184. SmugglerJammer bot
    185. Fusion ReactorFusion
    186. Tidal
    187. Converter
    188. CorsairDestroyer
    189. Wind ×2
    190. Tidal
    191. Wind ×3
    192. Converter
    193. Wind
    194. Tidal
    195. Wind ×2
    196. NettleNettle
    197. Converter
    198. Wind ×2
    199. SmugglerJammer bot
    200. Wind ×2
    201. Converter
    202. Wind ×3
    203. Tidal
    204. Wind ×2

Counts are medians over the build's games: half of them build more, half fewer. The example game is Harryplotter's (38 OS, 10/10/2026); pick another.

Team trades

IN AT LEAST 30% OF ITS GAMES

You hand over

  • Construction Bot1 Con bot to Airfirst at 2:22 · in 87% of games
  • Advanced Construction Bot5 T2 con bot to Air or Geo sea or Pondfirst at 4:48 · in 99% of games
  • Sharpshooter2 Sniper bot to Pondfirst at 5:23 · in 32% of games
  • Butler2 Butler to Geo sea or Beach sea or Pondfirst at 9:05 · in 42% of games

You get

  • Hercules1 Light transport from Airfirst at 4:00 · in 85% of games

How it plays out

Typical game of this build, running totals by minute

Metal produced

020k40k
0:005:0010:0015:00

metal

Enemy metal destroyed

0100200300
0:005:0010:0015:00

metal

Own metal lost

0100200300
0:005:0010:0015:00

metal

1052 games.

Show as table
ByMetal produced: This buildEnemy metal destroyed: This buildOwn metal lost: This build
1:0038300
2:0091600
3:00164500
4:00316200
5:00486300
6:00580500
7:00724000
8:00911100
9:001125000
10:001359300
11:001645000
12:001999100
13:002375900
14:00276067381
15:0031694293204
WHAT THE NUMBERS SAY

This is the role's textbook T2 rush, posting the highest metal production of any build shown (31617 by 15:00) with almost no early losses.

  • + T2 factory done by 4:15 in 97% of games, extremely consistent.
  • + Own metal lost is only 228 by 15:00, near untouched economy.
  • − Team win rate is the lowest of all builds shown at 53%, fast eco alone doesn't decide games.
THE EXAMPLE YOU ARE READING

Harryplotter

38.0 OS · 10/10/2026

Open source match ↗

26 received units · includes a constructor
2411 metal received · 36781 energy received

Allied construction assistance is unknown. Timings are observations, not a promise of solo reproducibility.

Typical milestones

Bot Lab1:17Middle 50%: 1:13–1:31 · n=1052
Advanced Bot Lab4:15Middle 50%: 4:04–4:28 · n=1046
Advanced Metal Extractor5:29Middle 50%: 5:06–5:58 · n=1050

Played most by

Amrissa100games of this buildKOT_47games of this buildSyphos42games of this buildWashedGamuer41games of this buildAdeus39games of this build